 Dungeon Crawl Stone Soup version 0.30-a0-137-gd8773701ce (webtiles) character file.

Game seed: 891443057926475067

44 Julmuri the Shooter (level 3, -2/21 HPs)
             Began as a Kobold Hexslinger on Sept 23, 2022.
             Slain by a gnoll
             ... wielding a +0 spear
              (8 damage)
             ... on level 2 of the Dungeon.
             The game lasted 00:08:51 (1388 turns).

Julmuri the Shooter (Kobold Hexslinger)             Turns: 1388, Time: 00:08:52

Health: -2/21      AC:  2    Str:  7    XL:     3   Next: 85%
Magic:  4/4        EV: 15    Int: 14    God:
Gold:   45         SH:  0    Dex: 17    Spells: 3/4 levels left

rFire   . . .      SeeInvis .    a - +1 sling
rCold   . . .      Faith    .    (no shield)
rNeg    . . .      Spirit   .    c - +0 robe
rPois   .          Reflect  .    (no helmet)
rElec   .          Harm     .    (no cloak)
rCorr   .          Rampage  .    (no gloves)
Will    .....                    (no boots)
Stlth   +++.......               n - amulet of magic regeneration
HPRegen 0.07/turn                (no ring)
MPRegen 0.49/turn                (no ring)

@: no status effects
A: small, no large weapons, nightstalker 3
a: no special abilities


You were on level 2 of the Dungeon.
You visited 1 branch of the dungeon, and saw 2 of its levels.

You collected 45 gold pieces.

Inventory:

Hand Weapons
 a - a +1 sling (weapon)
 i - a +0 short sword
Missiles
 f - 10 stones
Armour
 c - a +0 robe (worn)
Jewellery
 n - an amulet of magic regeneration (around neck)
 o - an amulet of faith
Scrolls
 b - a scroll of poison
 e - 3 scrolls of identify {unknown}
 g - 2 scrolls of fear {unknown}
 j - a scroll of summoning {unknown}
 k - a scroll of immolation {unknown}
 l - a scroll of enchant weapon {unknown}
 m - a scroll of magic mapping {unknown}
Potions
 d - a potion of might {unknown}
 h - 2 potions of flight {unknown}


   Skills:
 + Level 1.7 Fighting
 + Level 3.9 Ranged Weapons
 + Level 2.7 Dodging
 + Level 1.1 Spellcasting
 + Level 3.5 Hexes


You had 3 spell levels left.
You knew the following spells:

 Your Spells              Type           Power      Damage    Failure   Level
a - Slow                  Hex            40%        N/A       6%          1

Your spell library contained the following spells:

 Spells                   Type           Power      Damage    Failure   Level
 Inner Flame              Hex/Fire       5%         N/A       36%         3
 Portal Projectile        Hex/Tloc       10%        N/A       36%         3
 Cause Fear               Hex            5%         N/A       52%         4


Dungeon Overview and Level Annotations

Branches:
Dungeon (1/15)

Altars:
Uskayaw


Innate Abilities, Weirdness & Mutations

You are small and have problems with some larger weapons.
You are completely attuned to the shadows.


Message History

Fire: a) +1 sling
Press: ? - help, Q - select action, (/) - cycle Shift-Dir - straight line, f/p - gnoll
Aim: a gnoll, wielding a +0 club (almost dead, 63% to hit)
You shoot a sling bullet.
The sling bullet closely misses the gnoll.
The sling bullet barely misses the gnoll.
The gnoll barely misses you. The gnoll hits you with a +0 club.
A gnoll comes into view. It is wielding a +0 whip.
The gnoll closely misses you.
Fire: a) +1 sling
Press: ? - help, Q - select action, (/) - cycle Shift-Dir - straight line, f/p - gnoll
Aim: a gnoll, wielding a +0 club (almost dead, 63% to hit)
You shoot a sling bullet.
The sling bullet completely misses the gnoll.
The sling bullet hits the gnoll.
The gnoll is moderately wounded.
The gnoll hits you with a +0 club. The gnoll attacks as you move away!
The gnoll hits you with a +0 club.
Fire: a) +1 sling
Press: ? - help, Q - select action, (/) - cycle Shift-Dir - straight line, f/p - gnoll
Aim: a gnoll, wielding a +0 club (almost dead, 63% to hit)
You shoot a sling bullet. The sling bullet hits the gnoll!
You kill the gnoll!
The gnoll hits you but does no damage.
Fire: a) +1 sling
Press: ? - help, Q - select action, (/) - cycle Shift-Dir - straight line, f - gnoll
Aim: a gnoll, wielding a +0 spear (moderately wounded, 63% to hit)
You shoot a sling bullet. The sling bullet hits the gnoll!
The gnoll is almost dead.
The gnoll hits you from afar with a +0 spear!
* * * LOW HITPOINT WARNING * * *
There is an open door here.
You open the door. The gnoll closely misses you.
There is an open door here.
A bat comes into view.
The bat closely misses you.
You shoot a sling bullet. The sling bullet hits the bat.
You kill the bat!
The gnoll hits you from afar with a +0 spear!
You die...

######.###.##.####
.......###........
...........†#.####
#####..###..#...
####..###..#..##
..............##
####.#### .... #.#
##†## #.# #@..#
#.# #...# #.#
#..g#### #.#
#.#....#
#.###########.#
##g#.........#.#
##..#....#....#.#
#...#.#..#..#.#.#
#...#.#..#..#.#.#


You could see a gnoll.

Vanquished Creatures
  A gnoll (D:2)
  2 dart slugs (D:1)
  An endoplasm (D:1)
  2 giant cockroaches
  5 hobgoblins (D:1)
  A kobold (D:1)
  A quokka (D:1)
  2 ball pythons (D:1)
  5 bats
  A frilled lizard (D:1)
  4 goblins (D:1)
  6 rats (D:1)
31 creatures vanquished.

Notes
Turn   | Place    | Note
-------+----------+-------------------------------------------
     0 | D:1      | Julmuri the Kobold Hexslinger began the quest for the Orb.
     0 | D:1      | Reached XP level 1. HP: 12/12 MP: 2/2
   236 | D:1      | Reached XP level 2. HP: 12/16 MP: 3/3
   568 | D:1      | Reached XP level 3. HP: 20/20 MP: 4/4
  1251 | D:1      | You fall into a shaft and drop 1 floor!
  1251 | D:2      | Found a faded altar of an unknown god.
  1309 | D:2      | Found a hide-covered altar of Uskayaw.
  1388 | D:2      | Slain by a gnoll

Illustrated notes

Levels and vault maps discovered:
D:1:      lemuel_arrival_broad_hall, layout_basic
D:2:      layout_loops_ring, shapermc_ecumenical_altar_notcrosses, basic_altar,
          minmay_splitting_lines, minivault_4

Skill      XL: |  1 |
---------------+----+-----
Ranged Weapons | 3 |  3.9
Fighting       | |  1.7
Dodging        | |  2.7
Spellcasting   | |  1.1
Hexes          | |  3.5

Action                   || total
-------------------------++-------
 Fire: Sling             ||    80
 Cast: Slow              ||     1
Armor: Robe              ||     3
Dodge: Dodged            ||    30

Table legend: (Time is in decaauts)
 A = Elapsed time spent in this place.
 B = Non-inter-level travel time spent in this place.
 C = Inter-level travel time spent in this place.
 D = Time resting spent in this place.
 E = Time spent auto-exploring this place.
 F = Levels seen in this place.
 G = Mean time per level.
                   A        B        C        D        E       F      G
               +--------+--------+--------+--------+--------+-----+--------+
         Total |   1390 |   1390 |      0 |     78 |   1007 |   2 |  695.0 |
       Dungeon |   1390 |   1390 |      0 |     78 |   1007 |   2 |  695.0 |
               +--------+--------+--------+--------+--------+-----+--------+

Top non-repeatable levels by time:
     D:1: 1252 daAuts
     D:2: 138 daAuts
